 Dungeon Crawl Stone Soup version 0.25-a0-424-g80bd347ae0 (webtiles) character file.

Game seed: 4591233596372961894, levelgen mode: deterministic

1548 kae the Frost Mage (level 8, -6/52 HPs)
             Began as a Merfolk Ice Elementalist on Jan 22, 2020.
             Mangled by Grinder (9 damage)
             ... while paralysed by Grinder
             ... on level 5 of the Dungeon.
             The game lasted 00:11:16 (7663 turns).

kae the Frost Mage (Merfolk Ice Elementalist)       Turns: 7663, Time: 00:11:17

Health: -6/52      AC:  8    Str: 10    XL:     8   Next: 87%
Magic:  1/16       EV:  2    Int: 15    God:
Gold:   270        SH:  0    Dex: 14    Spells: 5/17 levels left

rFire    . . .     SeeInvis .   w - +0 spear
rCold    . . .     Gourm    +   (no shield)
rNeg     . . .     Faith    .   a - +1 robe
rPois    +         Spirit   .   z - +2 helmet
rElec    .         Reflect  .   (no cloak)
rCorr    .         Harm     .   (no gloves)
MR       .....                  q - +1 pair of boots
Stlth    ++........             i - amulet of the gourmand
HPRegen  0.17/turn              y - ring of poison resistance
MPRegen  0.15/turn              s - ring of wizardry

@: paralysed
A: change form in water, swift swim, stealthy swim
a: no special abilities


You were on level 5 of the Dungeon.
You were very full.

You visited 1 branch of the dungeon, and saw 5 of its levels.

You collected 270 gold pieces.

Inventory:

Hand Weapons
 m - a +0 war axe
 w - a +0 spear (weapon)
Armour
 a - a +1 robe (worn)
 q - a +1 pair of boots (worn)
 z - a +2 helmet (worn)
Jewellery
 b - a +3 ring of intelligence
 i - an amulet of the gourmand (around neck)
 p - an uncursed amulet of harm
 s - a ring of wizardry (right hand)
 y - a ring of poison resistance (left hand)
Wands
 n - a wand of acid (6)
Scrolls
 d - 2 scrolls of enchant weapon
 e - 5 scrolls of enchant armour
 f - 3 scrolls of remove curse
 o - 2 scrolls of teleportation
 t - 2 scrolls of immolation
Potions
 h - 3 potions of curing
 j - a potion of invisibility {unknown}
 k - 4 potions of might {unknown}
 l - a potion of ambrosia {unknown}
 u - a potion of resistance {unknown}
 v - a potion of agility {unknown}
 x - 2 potions of flight {unknown}
Comestibles
 c - 15 rations


   Skills:
 + Level 6.6 Polearms
 - Level 2.6 Dodging
 - Level 2.1 Stealth
 + Level 5.4 Spellcasting
 * Level 9.7 Ice Magic


You had 5 spell levels left.
You knew the following spells:

 Your Spells              Type           Power        Failure   Level  Hunger
a - Freeze                Ice            ####         1%          1    None
b - Ozocubu's Armour      Chrm/Ice       ###.....     2%          3    ###....
c - Summon Ice Beast      Ice/Summ       ###.....     9%          4    ####...
d - Hailstorm             Conj/Ice       ###.....     9%          4    ####...

Your spell library contained the following spells:

 Spells                   Type           Power        Failure   Level  Hunger
 Magic Dart               Conj           #...         6%          1    None
 Blink                    Tloc           N/A          10%         2    #......
 Call Imp                 Summ           #.......     10%         2    #......
 Slow                     Hex            #.......     10%         2    #......
 Conjure Flame            Conj/Fire      #.......     19%         3    ###....
 Mephitic Cloud           Conj/Pois/Air  #.......     19%         3    ###....


Dungeon Overview and Level Annotations

Branches:
Dungeon (5/15)
 Temple: D:4-7

Altars:

Shops:
D:4 *

Annotations:
D:5 2 transporters, Grinder; olaf's ghost, amateur TeSu


Message History

Casting: Freeze (safe; 1% risk of failure)
Confirm with . or Enter, or press ? or * to list all spells.
You don't have enough magic to cast that spell.
Casting: Freeze (safe; 1% risk of failure)
Confirm with . or Enter, or press ? or * to list all spells.
You don't have enough magic to cast that spell.
Your icy armour cracks and falls away as you move.
Grinder gestures at you.
You suddenly lose the ability to move!
Grinder hits you.
You writhe in agony.
* * * LOW HITPOINT WARNING * * *
Grinder barely misses you. Grinder hits you.
* * * LOW HITPOINT WARNING * * *
Grinder hits you.
* * * LOW HITPOINT WARNING * * *
You writhe in agony.
* * * LOW HITPOINT WARNING * * *
Grinder hits you!
You die...

≈≈≈≈..# #.#.# #.##...... ##≈≈..#
#.#.# #.##......
g#≈≈..########.#.#######.........
8#≈≈........(....<.........#.....
.#≈≈.#####.#.#.#..########.......
##≈≈.# #.#.#.#..# ######.# ..≈≈.#
#.#...#..######### #.# #.≈≈.#
#.#..##..##......# #.# #.≈≈.#
#.#..##@.##......# #.# #.≈≈.##
##.....5..##......# #.#
......###......#####......# ##.#
©................###..)...# #..#
.....####..##.............# #.##
#.≈≈.# #..#.....########## #.#
#.≈≈.# #..#.#...# #.# #.≈≈.#
#........########## #.## ..≈≈.#
##....5..##.......####...


You could see Grinder.

Vanquished Creatures
  Eustachio (D:4)
  Menkaure (D:5)
  An ice beast (D:5)
  A phantom (D:5)
  A centaur (D:5)
  An ogre (D:5)
  Blork the orc (D:5)
  3 scorpions
  A crimson imp (D:4)
  5 hounds
  2 bullfrog skeletons (D:4)
  An orc priest (D:5)
  4 orc wizards
  3 centaur skeletons
  3 worker ants
  A hound zombie (D:5)
  4 gnolls (D:3)
  3 adders (D:2)
  A shadow imp (D:5)
  An ooze (D:2)
  An adder skeleton (D:3)
  2 worms
  4 dart slugs
  6 leopard geckos
  12 orcs
  5 bats
  5 giant cockroaches
  5 goblins
  8 hobgoblins
  7 jackals
  4 kobolds
  5 quokkas
  2 ball pythons (D:1)
  2 frilled lizards
  3 rats
110 creatures vanquished.

Vanquished Creatures (others)
  6 plants (D:5)
6 creatures vanquished.

Grand Total: 116 creatures vanquished

Notes
Turn   | Place    | Note
-------+----------+-------------------------------------------
     0 | D:1      | kae the Merfolk Ice Elementalist began the quest for the
                  | Orb.
     0 | D:1      | Reached XP level 1. HP: 13/13 MP: 3/3
   399 | D:1      | Reached XP level 2. HP: 19/19 MP: 1/5
   991 | D:1      | Reached skill level 5 in Ice Magic
  1126 | D:2      | Reached XP level 3. HP: 24/24 MP: 4/6
  1539 | D:2      | Reached XP level 4. HP: 16/30 MP: 0/8
  2620 | D:3      | Reached skill level 6 in Ice Magic
  2806 | D:3      | Reached XP level 5. HP: 35/35 MP: 5/9
  3146 | D:4      | HP: 1/35 [centaur skeleton (5)]
  3266 | D:4      | Reached skill level 1 in Polearms
  3370 | D:4      | Reached XP level 6. HP: 25/41 MP: 9/11
  3574 | D:4      | Found Usaser's General Store.
  3831 | D:4      | Learned a level 3 spell: Ozocubu's Armour
  3836 | D:4      | Learned a level 4 spell: Summon Ice Beast
  3841 | D:4      | Learned a level 4 spell: Hailstorm
  3869 | D:4      | Reached skill level 7 in Ice Magic
  4244 | D:4      | Noticed Eustachio
  4436 | D:4      | Killed Eustachio
  4436 | D:4      | Reached XP level 7. HP: 22/46 MP: 4/13
  5210 | D:4      | Reached skill level 8 in Ice Magic
  5624 | D:5      | Entered Level 5 of the Dungeon
  5663 | D:5      | Noticed Grinder
  5764 | D:5      | Reached XP level 8. HP: 41/52 MP: 14/14
  5941 | D:5      | Reached skill level 5 in Polearms
  5988 | D:5      | Found a transporter.
  5988 | D:5      | Noticed olaf's ghost (amateur TeSu)
  6042 | D:5      | Found a transporter.
  6220 | D:5      | Reached skill level 9 in Ice Magic
  6372 | D:5      | Noticed Menkaure
  6439 | D:5      | Reached skill level 5 in Spellcasting
  6628 | D:5      | Noticed Blork the orc
  7123 | D:5      | Killed Blork the orc
  7398 | D:5      | Killed Menkaure
  7635 | D:5      | Paralysed by Grinder for 3 turns
  7658 | D:5      | Paralysed by Grinder for 7 turns
  7663 | D:5      | Mangled by Grinder

Levels and vault maps discovered:
D:1:      wheals_arrival_shading, layout_loops_cross
D:2:      layout_rooms
D:3:      layout_basic
D:4:      layout_loops_ring, serial_shops, nicolae_shop_behind_doors,
          first_ration, chequers_serial_rivers_small_b, uniq_eustachio
D:5:      layout_loops_cross, gammafunk_ghost_gnarly_gnolls, uniq_menkaure,
          uniq_grinder, uniq_blork_the_orc

Skill      XL: |  1  2  3  4  5  6  7  8 |
---------------+-------------------------+-----
Ice Magic      | 5 6 7 8 9 |  9.7
Spellcasting   | 3 4 5 |  5.4
Polearms       | 1 3 4 6 |  6.6
Dodging        | |  2.6
Stealth        | |  2.1

Action                   |  1- 3 |  4- 6 |  7- 9 || total
-------------------------+-------+-------+-------++-------
Melee: Unarmed           |    63 |    35 |       ||    98
       War axe           |       |    35 |       ||    35
       Spear             |       |    37 |   224 ||   261
       Tailslap          |       |       |     5 ||     5
 Cast: Freeze            |    50 |    82 |    89 ||   221
       Ozocubu's Armour  |       |     1 |    12 ||    13
Evoke: Wand              |       |     1 |     1 ||     2
  Use: Scroll            |       |    12 |     1 ||    13
       Potion            |       |       |     1 ||     1
 Stab: Sleeping          |       |     1 |     5 ||     6
  Eat: Chunk             |     2 |    11 |    14 ||    27
       Ration            |       |       |     1 ||     1
Armor: Robe              |    11 |    64 |    61 ||   136
Dodge: Dodged            |    78 |   123 |   126 ||   327

Table legend:
 A = Non-vault XP
 B = Vault XP
 C = Vault XP percentage of total XP
 D = Non-vault monster count
 E = Vault monster count
 F = Vault count percentage of total count
                 A         B        C        D         E       F
            +---------+---------+-------+---------+---------+-------
      Total |    1739 |     473 |  21.4 |     107 |       3 |   2.7
            +---------+---------+-------+---------+---------+-------
        D:1 |      28 |       0 |   0.0 |      15 |       0 |   0.0
        D:2 |      93 |       0 |   0.0 |      23 |       0 |   0.0
        D:3 |      93 |       0 |   0.0 |      20 |       0 |   0.0
        D:4 |     731 |     202 |  21.7 |      30 |       1 |   3.2
        D:5 |     794 |     271 |  25.4 |      19 |       2 |   9.5
            +---------+---------+-------+---------+---------+-------
